 Dungeon Crawl Stone Soup version 0.29-a0-557-g43b9904bd1 (webtiles) character file.

Game seed: 9242303149149278530

2403 caligoira the Shield-Bearer (level 9, -2/65 (66) HPs)
             Began as a Gnoll Fighter on June 8, 2022.
             Was an Initiate of Gozag.
             Slain by a necrophage (4 damage)
             ... on level 6 of the Dungeon.
             The game lasted 00:24:04 (7293 turns).

caligoira the Shield-Bearer (Gnoll Fighter)         Turns: 7293, Time: 00:24:04

HP:   -2/65 (66)    AC: 12    Str: 17    XL:     9   Next: 47%
MP:   15/15         EV: 16    Int:  7    God:    Gozag
Gold: 191           SH: 11    Dex: 15    Spells: 16/16 levels left

rFire   . . .      SeeInvis .   b - +3 dagger (venom)
rCold   + . .      Faith    .   c - +0 buckler
rNeg    . . .      Spirit   .   u - +0 ring mail
rPois   .          Reflect  +   o - +2 hat
rElec   .          Harm     .   (no cloak)
rCorr   .          Rampage  .   t - +1 pair of gloves
Will    .....                   m - +0 pair of boots
Stlth   +++.......              i - amulet of reflection
HPRegen 0.20/turn               s - +4 ring of evasion
MPRegen 0.14/turn               r - ring of protection from cold

@: lightly drained
A: fangs 1, strong nose, distributed training, thin skeletal structure 1, frail
1, weak 1
a: Renounce Religion, Potion Petition, Call Merchant, Bribe Branch


You were on level 6 of the Dungeon.
You worshipped Gozag.
Gozag was aware of your devotion.
You visited 1 branch of the dungeon, and saw 6 of its levels.
You also visited: Ossuary.

You collected 962 gold pieces.
You paid 771 gold pieces to Gozag.

Inventory:

Hand Weapons
 a - a +0 flail
 b - a +3 dagger of venom (weapon)
Missiles
 v - 2 curare-tipped darts (quivered)
Armour
 c - a +0 buckler (worn)
 l - a +0 helmet
 m - a +0 pair of boots (worn)
 o - a +2 hat (worn)
 t - a +1 pair of gloves (worn)
 u - a +0 ring mail (worn)
Magical Staves
 k - a staff of cold
 n - a staff of earth
 p - a staff of fire
Jewellery
 e - a ring of protection from fire
 i - an amulet of reflection (around neck)
 r - a ring of protection from cold (right hand)
 s - a +4 ring of evasion (left hand)
Wands
 w - a wand of flame (19)
Scrolls
 d - a scroll of fear {unknown}
 f - a scroll of noise {unknown}
 g - 6 scrolls of identify {unknown}
 h - 3 scrolls of brand weapon {unknown}
 j - 3 scrolls of teleportation
 q - 2 scrolls of magic mapping


   Skills:
 + Level 7.9 Fighting
 + Level 4.2 Short Blades
 + Level 4.2 Long Blades
 + Level 4.2 Axes
 + Level 6.3 Maces & Flails
 + Level 4.2 Polearms
 + Level 4.2 Staves
 + Level 4.2 Slings
 + Level 4.2 Bows
 + Level 4.2 Crossbows
 + Level 4.2 Throwing
 + Level 7.9 Armour
 + Level 4.2 Dodging
 + Level 4.2 Stealth
 + Level 7.9 Shields
 + Level 4.2 Unarmed Combat
 + Level 4.2 Spellcasting
 + Level 3.5 Conjurations
 + Level 3.5 Hexes
 + Level 3.5 Summonings
 + Level 3.5 Necromancy
 + Level 3.5 Translocations
 + Level 3.5 Transmutations
 + Level 3.5 Fire Magic
 + Level 3.5 Ice Magic
 + Level 3.5 Air Magic
 + Level 3.5 Earth Magic
 + Level 3.5 Poison Magic
 + Level 4.7 Invocations
 + Level 4.2 Evocations


You had 16 spell levels left.
You didn't know any spells.
Your spell library contained the following spells:

 Spells                   Type           Power      Damage    Failure   Level
 Freeze                   Ice            24%        1d5       14%         1
 Call Canine Familiar     Summ           6%         N/A       41%         3
 Dazzling Flash           Conj/Hex       12%        N/A       41%         3
 Frozen Ramparts          Ice            12%        1d3       41%         3
 Portal Projectile        Hex/Tloc       12%        N/A       41%         3
 Summon Guardian Golem    Hex/Summ       6%         N/A       41%         3
 Hailstorm                Conj/Ice       6%         3d4       82%         4
 Leda's Liquefaction      Hex/Erth       3%         N/A       82%         4
 Agony                    Necr           6%         N/A       99%         5
 Silence                  Hex/Air        3%         N/A       99%         5
 Orb of Destruction       Conj           3%         9d5       100%        7
 Spellforged Servitor     Conj/Summ      3%         N/A       100%        7


Dungeon Overview and Level Annotations

Branches:
Dungeon (6/15)            Ossuary (visited)
 Temple: D:4-7

Altars:
Cheibriados
Fedhas
Gozag
Kikubaaqudgha
Ru
Uskayaw
Yredelemnul

Shops:
D:2 :   D:4 *


Innate Abilities, Weirdness & Mutations

You have very sharp teeth.
Your uncanny sense of smell can sniff out nearby items.
Your experience applies equally to all skills.
You have a somewhat thin skeletal structure. (Dex +2, Stealth+)
You are frail. (-10% HP)
You are weak. (Str -2)


Message History

You hit the iguana but do no damage.
The iguana looks as sick as possible!
The iguana is lightly wounded.
Your surroundings suddenly seem different. 4 wights and an adder come into view.
Found a scroll labelled MAGISO OTSY.
You feel sick.
You are no longer poisoned.
The wight is distracted by your dazzling golden aura.
Unknown command.
As you read the scroll of teleportation, it crumbles to dust.
You feel strangely unstable.
Blink to where?
Press: ? - help, Dir - move target
As you read the scroll of blinking, it crumbles to dust.
A necrophage comes into view.
Your surroundings seem slightly different.
You block the necrophage's attack.
You feel a bit more experienced. The necrophage misses you.
The necrophage attacks as you move away!
You block the necrophage's attack.
A hound comes into view.
The necrophage attacks as you move away!
The necrophage completely misses you.
Found 16 gold pieces.
Found a stone staircase leading down.
Found 2 green potions.
The necrophage attacks as you move away!
The necrophage misses you.
The necrophage attacks as you move away!
The necrophage hits you but does no damage.
Found a leather armour.
The hound barks!
Found 4 datura-tipped darts.
The hound barely misses you.
Found a stone staircase leading up.
The hound barely misses you.
The necrophage attacks as you move away!
The necrophage hits you.
* * * LOW HITPOINT WARNING * * *
You feel drained.
There is a stone staircase leading down here.
The hound misses you. The necrophage hits you.
You die...
Your body crumbles into a pile of gold.

....z...z...## ....<
.#####..##.... ###..^.
###.#..####.. .....[.##
##............
##(.....###...........##
........##.#..........#
.....!.....z.........##
...........z.........#
.......@h....z##.....#
........n.....z....###
....#...........##..#
#.. #..###.........## #
##. #..#......##
..#...##.....#
#......#.....##
#...........##
............#


You could see a necrophage, a hound and 4 wights.

Vanquished Creatures
  The ghost of kMk the Grave Robber, a novice OgNe (D:4)
  The ghost of gabibbone the Skirmisher, an amateur OgCA of Ignis (D:4)
  Sigmund (D:4)
  A water moccasin (D:6)
  An orc warrior (D:6)
  2 black bears
  An ogre (D:5)
  A phantom (D:5)
  A bullfrog (D:5)
  4 scorpions
  A vampire bat (D:5)
  A howler monkey (D:6)
  3 hounds
  A human zombie (Ossuary)
  An orc priest (D:3)
  3 iguanas
  Natasha (thrice) (D:3)
  4 orc wizards
  2 mummies (Ossuary)
  7 adders
  2 ufetubi
  A worm (D:3)
  4 dart slugs
  3 fire bats (D:5)
  24 orcs
  2 spectral bats (D:5)
  11 bats
  A bat simulacrum (D:5)
  3 bat skeletons (D:5)
  A bat zombie (D:5)
  6 endoplasms
  10 goblins
  12 hobgoblins
  3 jackals (D:2)
  6 quokkas
  6 ball pythons
  4 frilled lizards
  3 gnoll zombies (Ossuary)
  2 goblin zombies (Ossuary)
  3 hobgoblin zombies (Ossuary)
  10 kobolds
  5 orc zombies (Ossuary)
  8 rats
170 creatures vanquished.

Vanquished Creatures (others)
  7 plants (D:1)
7 creatures vanquished.

Grand Total: 177 creatures vanquished

Notes
Turn   | Place    | Note
-------+----------+-------------------------------------------
     0 | D:1      | caligoira the Gnoll Fighter began the quest for the Orb.
     0 | D:1      | Reached XP level 1. HP: 23/23 MP: 1/1
   102 | D:1      | Found a faded altar of an unknown god.
   118 | D:1      | Prayed at the altar of an unknown god.
   118 | D:1      | Became a worshipper of Ru the Awakened
   119 | D:1      | Fell from the grace of Ru
   149 | D:1      | Reached XP level 2. HP: 21/29 MP: 2/2
   724 | D:1      | Reached XP level 3. HP: 16/35 MP: 3/3
  1452 | D:2      | Reached skill level 1 in Invocations
  1777 | D:2      | Found Byw Loce's Book Emporium.
  1796 | D:2      | Reached skill level 1 in Short Blades
  1796 | D:2      | Reached skill level 1 in Long Blades
  1796 | D:2      | Reached skill level 1 in Axes
  1796 | D:2      | Reached skill level 1 in Polearms
  1796 | D:2      | Reached skill level 1 in Staves
  1796 | D:2      | Reached skill level 1 in Slings
  1796 | D:2      | Reached skill level 1 in Bows
  1796 | D:2      | Reached skill level 1 in Crossbows
  1796 | D:2      | Reached skill level 1 in Throwing
  1796 | D:2      | Reached skill level 1 in Dodging
  1796 | D:2      | Reached skill level 1 in Stealth
  1796 | D:2      | Reached skill level 1 in Unarmed Combat
  1796 | D:2      | Reached skill level 1 in Spellcasting
  1796 | D:2      | Reached skill level 1 in Evocations
  1858 | D:2      | Reached XP level 4. HP: 39/41 MP: 5/5
  2045 | D:2      | Reached skill level 1 in Conjurations
  2045 | D:2      | Reached skill level 1 in Hexes
  2045 | D:2      | Reached skill level 1 in Summonings
  2045 | D:2      | Reached skill level 1 in Necromancy
  2045 | D:2      | Reached skill level 1 in Translocations
  2045 | D:2      | Reached skill level 1 in Transmutations
  2045 | D:2      | Reached skill level 1 in Fire Magic
  2045 | D:2      | Reached skill level 1 in Ice Magic
  2045 | D:2      | Reached skill level 1 in Air Magic
  2045 | D:2      | Reached skill level 1 in Earth Magic
  2045 | D:2      | Reached skill level 1 in Poison Magic
  2455 | D:3      | Found an ancient bone altar of Kikubaaqudgha.
  2501 | D:3      | Found a blossoming altar of Fedhas.
  2600 | D:3      | Reached XP level 5. HP: 39/47 MP: 6/6
  2669 | D:3      | Noticed a black bear
  2687 | D:3      | Killed a black bear
  2780 | D:3      | Found a basalt altar of Yredelemnul.
  2827 | D:3      | Noticed Natasha
  2829 | D:3      | Reached XP level 6. HP: 53/53 MP: 8/8
  2849 | D:3      | Killed Natasha
  2868 | D:3      | Noticed Natasha
  2874 | D:3      | Killed Natasha
  2875 | D:3      | Reached skill level 5 in Maces & Flails
  3055 | D:3      | Noticed Natasha
  3072 | D:3      | Killed Natasha
  3533 | D:4      | Found an opulent altar of Gozag.
  3538 | D:4      | Found Gozag's Platinum Reserve.
  3554 | D:4      | Became a worshipper of Gozag Ym Sagoz the Greedy
  3743 | D:4      | Reached XP level 7. HP: 59/59 MP: 10/10
  3848 | D:4      | Found a hide-covered altar of Uskayaw.
  4010 | D:4      | Found a runed translucent door.
  4013 | D:4      | Noticed kMk's ghost (novice OgNe)
  4048 | D:4      | Killed kMk's ghost
  4231 | D:4      | Reached XP level 8. HP: 58/67 MP: 12/12
  4370 | D:4      | Noticed Sigmund
  4392 | D:4      | Killed Sigmund
  4669 | D:5      | Entered Level 5 of the Dungeon
  4690 | D:5      | Found a snail-covered altar of Cheibriados.
  4698 | D:5      | Found a sand-covered staircase.
  4703 | Ossuary  | Entered an ossuary
  5176 | D:5      | Found a runed translucent door.
  5179 | D:5      | Noticed gabibbone's ghost (amateur OgCA)
  5531 | D:5      | Found a runed translucent door.
  5705 | D:5      | Found a snail-covered altar of Cheibriados.
  6063 | D:5      | Reached XP level 9. HP: 72/72 MP: 14/14
  6359 | D:5      | Gained mutation: You are weak. (Str -2) [potion of
                  | mutation]
  6359 | D:5      | Gained mutation: You are frail. (-10% HP) [potion of
                  | mutation]
  6359 | D:5      | Gained mutation: You have a somewhat thin skeletal
                  | structure. (Dex +2, Stealth+) [potion of mutation]
  6732 | D:4      | Killed gabibbone's ghost
  7273 | D:6      | HP: 3/66 [poisoned by a water moccasin]
  7275 | D:6      | HP: 1/66 [poisoned by a water moccasin]
  7292 | D:6      | HP: 2/66 [necrophage (3)]
  7293 | D:6      | Slain by a necrophage

Illustrated notes

Levels and vault maps discovered:
D:1:      roderic_crop_circles_arrival_small, layout_loops_ring,
          dreamdust_ecumenical_altar_grove
D:2:      layout_rooms, serial_shops, nicolae_shop_advertising_works
          [nicolae_subvault_shop_adworks]
D:3:      layout_rooms, lemuel_coloured_pillars_altar,
          mainiacjoe_overflow_catwalk, lemuel_round_altar, uniq_natasha
D:4:      layout_basic, nicolae_gozag_zags_fifth_avenue,
          nicolae_uskayaw_suspiria, serial_curves, eino_curves_01,
          eino_curves_04, eino_curves_02, eino_curves_02,
          hellmonk_ghost_happy_afterlife, uniq_sigmund
D:5:      layout_loops_ring, cheibriados_altar_1, ebering_ghost_sewer_f,
          enter_ossuary_2, kennysheep_flooded_box, goddamned_bats
D:6:      layout_cave_pools, mainiacjoe_overflow_small_starburst, temple_hall,
          nicolae_water_bricks, uniq_pikel

Skill      XL: |  1  2  3  4  5  6  7  8  9 |
---------------+----------------------------+-----
Invocations    | 1 2 3 4 |  4.7
Short Blades   | 1 2 3 4 |  4.2
Long Blades    | 1 2 3 4 |  4.2
Axes           | 1 2 3 4 |  4.2
Polearms       | 1 2 3 4 |  4.2
Staves         | 1 2 3 4 |  4.2
Slings         | 1 2 3 4 |  4.2
Bows           | 1 2 3 4 |  4.2
Crossbows      | 1 2 3 4 |  4.2
Throwing       | 1 2 3 4 |  4.2
Dodging        | 1 2 3 4 |  4.2
Stealth        | 1 2 3 4 |  4.2
Unarmed Combat | 1 2 3 4 |  4.2
Spellcasting   | 1 2 3 4 |  4.2
Evocations     | 1 2 3 4 |  4.2
Conjurations   | 1 2 3 |  3.5
Hexes          | 1 2 3 |  3.5
Summonings     | 1 2 3 |  3.5
Necromancy     | 1 2 3 |  3.5
Translocations | 1 2 3 |  3.5
Transmutations | 1 2 3 |  3.5
Fire Magic     | 1 2 3 |  3.5
Ice Magic      | 1 2 3 |  3.5
Air Magic      | 1 2 3 |  3.5
Earth Magic    | 1 2 3 |  3.5
Poison Magic   | 1 2 3 |  3.5
Maces & Flails | 5 6 |  6.3
Fighting       | 7 |  7.9
Armour         | 7 |  7.9
Shields        | 7 |  7.9

Action                   |  1- 3 |  4- 6 |  7- 9 || total
-------------------------+-------+-------+-------++-------
Melee: Flail             |   135 |   137 |       ||   272
       Bite              |     8 |    16 |    55 ||    79
       Dagger            |       |    39 |   465 ||   504
Invok: Renounce Religion |     1 |       |       ||     1
       Potion Petition   |       |       |     1 ||     1
Evoke: Wand              |       |       |     3 ||     3
  Use: Potion            |     3 |     2 |     7 ||    12
       Scroll            |       |       |     7 ||     7
 Stab: Distracted        |       |       |     3 ||     3
Armor: Scale mail        |    47 |    55 |       ||   102
       Skin              |    17 |       |       ||    17
       Ring mail         |       |    20 |   108 ||   128
Dodge: Dodged            |    39 |    65 |   225 ||   329
Block: Buckler           |    39 |    75 |   221 ||   335
       Reflection        |       |     1 |     1 ||     2

Table legend: (Time is in decaauts)
 A = Elapsed time spent in this place.
 B = Non-inter-level travel time spent in this place.
 C = Inter-level travel time spent in this place.
 D = Time resting spent in this place.
 E = Time spent auto-exploring this place.
 F = Levels seen in this place.
 G = Mean time per level.
                   A        B        C        D        E       F      G
               +--------+--------+--------+--------+--------+-----+--------+
         Total |   7222 |   6987 |    235 |   1044 |   4385 |   7 | 1031.7 |
       Dungeon |   6871 |   6636 |    235 |   1044 |   4138 |   6 | 1145.2 |
       Ossuary |    351 |    351 |      0 |      0 |    246 |   1 |  351.0 |
               +--------+--------+--------+--------+--------+-----+--------+

Top non-repeatable levels by time:
     D:5: 1754 daAuts
     D:1: 1700 daAuts
     D:4: 1515 daAuts
     D:3: 1030 daAuts
     D:2: 787 daAuts
 Ossuary: 351 daAuts
     D:6: 83 daAuts
